Map: World of Sleepers LE

Players

Denver - Winner!

  • Race: Zerg Zerg
  • League: Master
  • Spawn Location: 1:00

Neeblet (Neeb)

  • Race: Protoss Protoss
  • Spawn Location: 7:00

VOD

Have the link to the VOD?

Description

Time

  • Played on: Jan. 14, 2020, 2:56 p.m.
  • Length: 12:56
Show
View Real Time Build Order
Export as new Build Order

Denver Zerg - Winner!

Build Orders: Hatch First 

Get SALT Encoding   

  12  0:00  Drone  
  13  0:12  Overlord  
  13  0:17  Drone  
  14  0:31  Drone x2  
  16  0:48  Hatchery  
  15  0:51  Drone  
  15  0:55  Drone  
  17  0:59  Drone  
  18  1:09  Extractor  
  17  1:14  Spawning Pool  
  17  1:16  Drone  
  17  1:20  Drone  
  18  1:29  Drone  
  19  1:39  Drone  
  20  1:50  Drone  
  21  2:00  Queen x2  
  26  2:01  Zergling x4  
  27  2:11  Metabolic Boost  
  27  2:12  Overlord  
  27  2:14  Drone  
  28  2:32  Drone x2  
  30  2:37  Hatchery  
  30  2:41  Drone  
  30  2:43  Drone  
  31  2:47  Drone x2  
  33  2:54  Overlord  
  33  2:56  Drone  
  34  3:01  Queen  
  36  3:07  Overlord  
  36  3:13  Spore Crawler  
  36  3:15  Drone x4  
  36  3:19  Overlord  
  40  3:24  Queen  
  42  3:27  Drone  
  42  3:28  Drone  
  44  3:36  Drone x2  
  44  3:37  Spore Crawler  
  44  3:40  Spore Crawler  
  44  3:48  Zergling x10  
  48  3:52  Drone x2  
  51  3:56  Queen  
  51  3:59  Drone x2  
  55  4:05  Drone x2  
  56  4:10  Drone  
  56  4:12  Overlord  
  56  4:14  Overlord  
  56  4:16  Lair  
  57  4:18  Drone  
  57  4:21  Overlord  
  57  4:23  Overlord  
  58  4:30  Overlord  
  56  4:34  Drone x5  
  60  4:40  Drone  
  60  4:41  Drone  
  61  4:46  Spore Crawler, Drone x2  
  61  4:47  Drone  
  61  4:51  Roach Warren  
  64  4:54  Drone x2  
  64  4:55  Drone x3  
  67  5:00  Drone x4  
  67  5:02  Extractor  
  67  5:04  Overlord  
  70  5:09  Drone x4  
  70  5:13  Extractor  
  73  5:15  Extractor  
  73  5:18  Extractor  
  73  5:19  Drone x4  
  73  5:20  Drone x2  
  77  5:23  Evolution Chamber  
  77  5:25  Overlord  
  76  5:29  Drone x2  
  76  5:30  Glial Reconstitution, Drone  
  76  5:34  Overlord  
  79  5:39  Hatchery  
  77  5:48  Roach x6  
  87  5:52  Zerg Missile Weapons Level 1  
  87  5:53  Extractor, Drone x2  
  87  5:54  Drone  
  87  5:56  Overseer  
  89  5:57  Overlord  
  89  6:02  Drone x3  
  92  6:04  Overlord  
  92  6:08  Roach x3  
  95  6:16  Drone  
  95  6:17  Drone x5  
  98  6:21  Ravager  
  98  6:22  Ravager x2  
  98  6:25  Drone x4  
  105  6:27  Overlord  
  105  6:29  Zergling x4  
  105  6:30  Zergling x2  
  108  6:36  Baneling Nest  
  107  6:40  Drone x3  
  107  6:45  Roach x4  
  107  6:46  Roach  
  120  6:48  Overlord  
  120  6:49  Spore Crawler  
  120  6:53  Queen  
  121  6:54  Drone  
  121  6:55  Drone x2  
  121  6:57  Overlord  
  121  6:58  Pneumatized Carapace  
  124  7:05  Drone x2  
  124  7:07  Zergling x2  
  124  7:08  Zergling x6  
  129  7:16  Roach x7  
  129  7:21  Ravager x3, Overlord  
  129  7:22  Drone x2  
  145  7:25  Drone x3  
  145  7:28  Infestation Pit  
  145  7:29  Zergling x8  
  151  7:32  Overlord  
  151  7:34  Overlord  
  151  7:36  Centrifical Hooks  
  151  7:40  Overlord  
  151  7:44  Overlord  
  151  7:47  Hatchery  
  151  7:48  Drone  
  151  7:50  Evolution Chamber  
  150  7:51  Zerg Melee Weapons Level 1  
  150  7:54  Drone  
  151  7:59  Zergling x20  
  151  8:00  Roach  
  151  8:04  Extractor, Baneling x6  
  151  8:05  Ravager x4  
  166  8:10  Zergling x2  
  166  8:11  Zergling x14  
  174  8:15  Hive  
  174  8:22  Baneling x7, Overlord  
  174  8:29  Zergling x22  
  185  8:34  Zerg Missile Weapons Level 2  
  185  8:36  Overlord  
  185  8:37  Overlord  
  185  8:40  Zergling x8  
  186  8:54  Zergling x24  
  184  9:00  Baneling x18  
  182  9:04  Zergling x8  
  182  9:08  Zergling x12  
  191  9:16  Zergling x2  
  191  9:17  Zergling x10, Roach  
  199  9:21  Baneling  
  199  9:22  Baneling x5  
  199  9:31  Spire  
  196  9:35  Zergling x8  
  196  9:36  Zergling x10  
  183  9:55  Zergling x30, Roach x2  
  183  9:58  Zerg Melee Weapons Level 2  
  196  10:16  Zergling x2  
  196  10:17  Zergling x22  
  190  10:21  Zergling x10  
  190  10:22  Zergling x4  
  190  10:25  Zergling x4  
  188  10:32  Overlord  
  188  10:35  Zergling x14  
  184  10:37  Baneling x4  
  184  10:38  Baneling x12  
  184  10:42  Zergling x14  
  191  10:53  Drone  
  191  10:54  Drone x2  
  194  10:58  Corruptor x3  
  194  10:59  Corruptor  
  178  11:12  Corruptor x10  
  193  11:19  Drone x3  
  193  11:22  Baneling  
  193  11:23  Baneling x8  
  192  11:35  Baneling x5  
  192  11:37  Zergling x16  
  195  11:52  Zergling x2  
  195  11:53  Zergling x26, Roach x2  
  190  12:04  Zergling x8  
  183  12:20  Zergling x30  
  180  12:30  Roach  
  180  12:31  Roach x5  
Show
View Real Time Build Order
Export as new Build Order

Neeblet Protoss 

Build Orders: 1 Gate Expand, Oracle Opening, Phoenix Opening, Archon Immortal, Carriers 

Get SALT Encoding   

  12  0:00  Probe  
  13  0:13  Probe  
  14  0:18  Pylon  
  14  0:25  Probe (Chrono Boost)  
  15  0:37  Probe (Chrono Boost)  
  16  0:42  Gateway  
  16  0:45  Probe (Chrono Boost)  
  16  0:48  Assimilator  
  17  0:51  Probe  
  18  1:03  Probe  
  19  1:15  Probe  
  20  1:23  Nexus  
  20  1:34  Cybernetics Core  
  20  1:36  Probe  
  21  1:43  Assimilator  
  21  1:48  Probe  
  21  1:51  Pylon  
  22  2:01  Probe (Chrono Boost)  
  23  2:08  Adept (Chrono Boost)  
  23  2:11  Probe (Chrono Boost)  
  26  2:16  Probe (Chrono Boost)  
  26  2:20  Stargate  
  27  2:29  Probe (Chrono Boost), Pylon  
  28  2:32  Adept  
  28  2:36  Probe (Chrono Boost), Warp Gate  
  32  2:45  Probe x2 (Chrono Boost)  
  32  2:50  Probe (Chrono Boost)  
  33  2:51  Probe  
  35  2:59  Gateway  
  35  3:02  Probe  
  35  3:03  Oracle (Chrono Boost)  
  35  3:04  Probe  
  40  3:14  Probe  
  40  3:17  Probe  
  40  3:18  Pylon  
  42  3:26  Probe  
  43  3:29  Probe  
  43  3:33  Phoenix (Chrono Boost)  
  46  3:36  Assimilator  
  46  3:37  Assimilator  
  46  3:38  Probe  
  46  3:41  Probe  
  48  3:49  Pylon  
  48  3:50  Probe  
  48  3:52  Oracle (Chrono Boost)  
  48  3:53  Probe  
  53  4:03  Probe  
  53  4:07  Probe, Robotics Facility  
  53  4:08  Pylon  
  55  4:15  Probe  
  56  4:19  Probe  
  56  4:21  Gateway  
  57  4:27  Probe  
  58  4:32  Probe, Sentry  
  58  4:33  Sentry  
  58  4:34  Nexus  
  58  4:35  Pylon  
  63  4:39  Probe  
  63  4:44  Probe  
  65  4:51  Probe, Immortal (Chrono Boost)  
  66  4:56  Probe, Zealot  
  66  4:57  Shield Battery  
  66  4:58  Sentry  
  75  5:04  Probe  
  76  5:08  Forge  
  76  5:09  Probe, Twilight Council  
  78  5:26  Pylon x2  
  78  5:28  Observer (Chrono Boost)  
  78  5:38  Gateway  
  78  5:39  Gateway  
  78  5:41  Gateway, Warp Prism (Chrono Boost)  
  78  5:44  Probe (Chrono Boost)  
  78  5:47  Assimilator  
  78  5:48  Probe x2 (Chrono Boost)  
  83  5:53  Protoss Ground Weapons Level 1, Charge  
  85  5:57  Probe (Chrono Boost)  
  85  5:58  Probe (Chrono Boost)  
  85  5:59  Probe (Chrono Boost)  
  85  6:02  Probe (Chrono Boost), Assimilator  
  85  6:04  Probe  
  86  6:05  Pylon  
  86  6:08  Probe  
  89  6:14  Probe  
  89  6:17  Immortal (Chrono Boost)  
  94  6:20  Probe  
  94  6:21  Probe  
  94  6:22  Templar Archives  
  96  6:26  Probe  
  96  6:29  Gateway  
  96  6:30  Gateway  
  97  6:33  Shield Battery  
  97  6:35  Probe  
  98  6:45  Probe, Pylon  
  98  6:46  Immortal (Chrono Boost)  
  99  6:49  Zealot x3  
  99  6:50  Psionic Storm  
  109  7:00  High Templar x3  
  115  7:07  Nexus  
  115  7:09  Pylon  
  115  7:10  Pylon  
  115  7:11  Probe  
  115  7:13  Zealot  
  115  7:14  Zealot  
  115  7:15  Probe x2  
  122  7:23  Probe  
  122  7:25  Immortal (Chrono Boost)  
  127  7:33  Probe x2  
  127  7:35  High Templar x2  
  127  7:36  High Templar, Photon Cannon  
  135  7:37  Photon Cannon  
  135  7:39  Shield Battery  
  135  7:43  Photon Cannon  
  135  7:46  Probe  
  135  7:47  Probe, Photon Cannon  
  135  7:48  Probe  
  135  7:49  High Templar  
  140  7:53  Photon Cannon  
  140  7:57  Pylon  
  140  7:59  Assimilator  
  140  8:04  Assimilator  
  140  8:05  Protoss Ground Weapons Level 2 (Chrono Boost)  
  140  8:15  High Templar x3  
  140  8:16  High Templar  
  148  8:20  Pylon x2  
  148  8:23  Archon  
  148  8:24  Archon, Zealot x4  
  156  8:34  Immortal, Photon Cannon  
  160  8:37  Shield Battery  
  160  8:39  Photon Cannon  
  160  8:42  Photon Cannon  
  160  8:45  Zealot x4  
  168  8:56  High Templar  
  164  9:02  Zealot  
  164  9:03  Zealot  
  164  9:04  Fleet Beacon  
  164  9:05  Dark Shrine  
  168  9:13  Stargate  
  168  9:14  Stargate  
  168  9:24  High Templar x2  
  170  9:28  Pylon  
  170  9:29  Archon  
  170  9:30  Pylon  
  170  9:32  Pylon  
  160  9:41  Nexus  
  160  9:42  Pylon  
  160  9:47  Zealot x2  
  160  9:48  Sentry  
  160  9:49  Zealot x3  
  168  9:54  Probe x2  
  168  9:56  Probe  
  165  10:02  Carrier x2 (Chrono Boost)  
  179  10:17  Carrier (Chrono Boost)  
  163  10:24  Immortal (Chrono Boost)  
  163  10:26  High Templar x3  
  163  10:27  Zealot x4  
  145  10:48  Stalker x3  
  151  10:51  Zealot x2  
  151  10:52  Immortal  
  155  11:08  Probe (Chrono Boost)  
  155  11:09  Probe (Chrono Boost)  
  155  11:10  Probe (Chrono Boost)  
  146  11:12  Probe (Chrono Boost)  
  143  11:20  Probe (Chrono Boost), Cybernetics Core x2, Carrier x3  
  143  11:21  Probe (Chrono Boost)  
  143  11:24  Probe (Chrono Boost)  
  160  11:25  Probe (Chrono Boost)  
  160  11:26  Probe x2 (Chrono Boost), Nexus  
  160  11:29  Probe (Chrono Boost)  
  159  11:33  Probe  
  159  11:34  Probe, High Templar x2  
  159  11:35  Zealot x3  
  159  11:39  Archon  
  159  12:05  Stalker  
  159  12:06  Stalker x2  
  159  12:08  Stalker x3  
  164  12:14  Probe x2  
  158  12:18  Zealot x2  
  158  12:20  Archon x2  
  138  12:24  Probe  
  138  12:27  Probe  
  133  12:32  Probe  
  133  12:35  Zealot  
  115  12:38  Zealot x5  
  115  12:39  Probe x2  
Tags
 
Add a new tag
Caveats
  • Supply blocks, unpowered buildings, or Contaminate may cause inaccurate times.
  • Supply counts are checked every 10 seconds.